 Dungeon Crawl Stone Soup version 0.18-a0-1560-ge216ca8 (webtiles) character file.

6448 namelastname112 the Fighter (level 10, -2/86 HPs)
             Began as a Mottled Draconian Wanderer on Mar 12, 2016.
             Was a Priest of Ashenzari.
             Slain by a four-headed hydra (7 damage)
             ... on level 8 of the Dungeon.
             The game lasted 00:18:15 (8509 turns).

namelastname112 the Fighter (DrWn)                  Turns: 8509, Time: 00:18:15

Health: -2/86      AC: 10    Str: 15    XL:     10   Next: 67%
Magic:  6/6        EV: 17    Int: 12    God:    Ashenzari [***...]
Gold:   517        SH:  5    Dex: 16    Spells: 0 memorised, 9 levels left

rFire  . . .     SeeInvis +     W - +1 war axe (antimagic)
rCold  + + +     Gourm    .     (armour unavailable)
rNeg   + + +     Faith    .     S - +0 buckler "Ihasefi" {rF- rC+++ rN+++ MP+9}
rPois  +         Spirit   .     (helmet restricted)
rElec  .         Dismiss  .     e - +2 cloak {rPois}
rCorr  .         Reflect  .     (no gloves)
SustAt .         Harm     .     (no boots)
MR     .....     Rnd*Rage +     A - amulet of regeneration
Stlth  +.........               K - ring of protection from cold
                                E - ring of poison resistance

@: short of breath, not resistant to hostile enchantments, very unstealthy
A: breathe sticky flame splash, unfitting armour, see invisible, agile 1,
berserk 1, fire resistance 1, frail 1, cold-blooded, AC +7
a: Breathe Sticky Flame, Curse Item, Scrying, Renounce Religion


You were on level 8 of the Dungeon.
You worshipped Ashenzari.
Ashenzari was most pleased with you.
You were not hungry.

You visited 1 branch of the dungeon, and saw 8 of its levels.
You also visited: Sewer and Bailey.

You collected 517 gold pieces.

Inventory:

Hand Weapons
 r - a +0 blowgun
 R - a +0 war axe
 W - a +1 antimagic war axe (weapon)
Missiles
 c - 40 poisoned needles
 v - 8 curare-tipped needles
 M - 7 javelins of returning (quivered)
Armour
 e - a +2 cloak of poison resistance (worn)
 S - the +0 buckler "Ihasefi" (worn) {rF- rC+++ rN+++ MP+9}
   (You found it on level 7 of the Dungeon)

   It makes you vulnerable to fire.
   It renders you almost immune to cold.
   It renders you almost immune to negative energy.
   It affects your magic capacity (+9).
Jewellery
 x - an uncursed amulet of the gourmand
 A - an amulet of regeneration (around neck)
 E - a ring of poison resistance (left hand)
 K - a ring of protection from cold (right hand)
Wands
 s - a wand of confusion (0/48)
 N - a wand of iceblast (0/15)
 O - a wand of polymorph (0/24)
 T - a wand of digging (8/24)
 U - a wand of iceblast (4/15)
Scrolls
 i - 2 scrolls of noise {unknown}
 k - 9 scrolls of teleportation
 l - 2 scrolls of blinking {unknown}
 n - 5 scrolls of amnesia {unknown}
 o - 2 scrolls of fog {unknown}
 y - 3 scrolls of recharging {unknown}
 z - a scroll of immolation {unknown}
 B - a scroll of magic mapping {unknown}
 D - a scroll of enchant weapon {unknown}
 H - 2 scrolls of random uselessness {unknown}
 I - a scroll of enchant armour {unknown}
 J - a scroll of fear {unknown}
 Q - a scroll of remove curse
Potions
 b - 6 potions of curing
 f - a potion of might
 g - 2 potions of cancellation
 h - a potion of magic
 j - 2 potions of flight
 m - 3 potions of agility
 q - a potion of brilliance
 t - 2 potions of heal wounds
 u - 3 potions of invisibility
 G - 2 potions of degeneration {unknown}
 L - 2 potions of berserk rage {unknown}
Books
 a - a Fen Folio

   Spells                             Type                      Level
   a - Corpse Rot                     Necromancy                   2
   b - Stone Arrow                    Conjuration/Earth            3
   c - Leda's Liquefaction            Hexes/Earth                  4
   d - Summon Forest                  Summoning/Translocation      5
   e - Hydra Form                     Transmutation                6
   f - Summon Hydra                   Summoning                    7
Comestibles
 d - 7 bread rations
 p - 3 slices of pizza
 C - 2 fruits


   Skills:
 + Level 11.4 Fighting
 * Level 11.0 Axes
 - Level 1.0 Throwing
 + Level 7.2 Dodging
 + Level 3.8 Shields
 - Level 1.0 Evocations


You had 9 spell levels left.
You didn't know any spells.

Dungeon Overview and Level Annotations

Branches:
Dungeon (8/15)             Temple (0/1) D:5
   Lair: D:8-11

Altars:
Ashenzari
Cheibriados
Gozag
Nemelex Xobeh
Okawaru
Pakellas
Qazlal
Xom
Yredelemnul

Shops:
D:4 }


Innate Abilities, Weirdness & Mutations

You can spit globs of burning liquid.
You can ignite nearby creatures when you spit burning liquid.
Your weird mottled scales are hard (AC +7).
Your body does not fit into most forms of armour.
You are cold-blooded and may be slowed by cold attacks.
You have supernaturally acute eyesight.
You are agile. (Dex +2)
You tend to lose your temper in combat.
Your flesh is heat resistant.
You are frail (-10% HP).


Message History

The four-headed hydra completely misses you.
The four-headed hydra misses you.
The four-headed hydra barely misses you.
The four-headed hydra bites you!
Press: ? - help, Shift-Dir - straight line, f/p - four-headed hydra
Aim: a four-headed hydra (heavily wounded)
You spit a glob of burning liquid.
The splash of liquid fire hits the four-headed hydra.
The four-headed hydra is heavily wounded.
The four-headed hydra is covered in liquid flames!
The sticky flame splashes onto the yak!
The yak is covered in liquid flames!
You feel somewhat more hungry.
The four-headed hydra burns!
The yak burns!
The four-headed hydra bites you!
* * * LOW HITPOINT WARNING * * *
The four-headed hydra bites you.
* * * LOW HITPOINT WARNING * * *
The four-headed hydra bites you!
* * * LOW HITPOINT WARNING * * *
The four-headed hydra bites you!
You die...

, ≈ * * + #
#....≈≈≈. , , , ,.
#....≈≈≈ *.., * ,
#....≈≈###'# { ,
#...P≈≈#...#########
#....≈≈#.oo#........
#....≈≈#####≈≈≈≈≈≈≈≈
#..Y.Y≈≈≈≈≈≈≈≈≈≈≈≈≈≈
#P.@D≈≈(≈≈≈≈≈≈≈≈≈≈≈≈
#...................
##########>.........
#.#........
#.#.####### #.#.#
##.#Y### * #......#
#......#####


You could see a four-headed hydra (burning) and 2 yaks.

Vanquished Creatures
  The ghost of slayr the Archer, a novice CeHu of Okawaru (D:7)
  An orc knight (Bailey)
  The ghost of gorblad the Stinger, a novice NaVM of Sif Muna (D:4)
  Psyche (D:8)
  Grinder (D:3)
  Prince Ribbit (D:8)
  Eustachio (D:5)
  A wyvern (D:8)
  3 hippogriffs
  Menkaure (D:6)
  4 wargs
  8 orc warriors
  2 phantoms
  An ice beast (Bailey)
  5 ogres
  A centaur (D:8)
  2 big kobolds
  Blork the orc (D:5)
  3 giant frogs
  A wyvern zombie (D:6)
  2 scorpions
  3 killer bees (D:8)
  2 crimson imps (D:6)
  A centaur zombie (D:5)
  A giant frog zombie (D:8)
  2 hounds
  A centaur skeleton (D:4)
  2 orc priests
  2 giant frog skeletons
  Crazy Yiuf (D:7)
  3 iguanas
  3 orc wizards
  4 worker ants
  2 sheep (D:8)
  A hound skeleton (D:6)
  7 gnolls
  3 adders
  A river rat (D:5)
  4 shadow imps
  4 worms
  11 giant geckos
  38 orcs
  13 giant cockroaches
  7 goblins
  4 hobgoblins
  9 jackals
  A quokka (D:2)
  3 ball pythons
  5 bats
  2 giant gecko zombies (D:6)
  13 giant newts
  A jackal zombie (D:5)
  8 kobolds
  A quokka skeleton (D:6)
  A quokka zombie (D:7)
  9 rats
215 creatures vanquished.

Vanquished Creatures (others)
  A bush (D:8)
1 creature vanquished.

Grand Total: 216 creatures vanquished

Notes
Turn   | Place    | Note
--------------------------------------------------------------
     0 | D:1      | namelastname112 the Draconian Wanderer began the quest for the Orb.
     0 | D:1      | namelastname112 set off with: a +2 hand axe, a potion of curing, a potion of lignification, a bread ration
     0 | D:1      | Reached XP level 1. HP: 27/27 MP: 1/1
   359 | D:1      | Found a shattered altar of Ashenzari.
   554 | D:1      | Reached skill level 1 in Dodging
   654 | D:1      | Became a worshipper of Ashenzari the Shackled
   687 | D:1      | Reached XP level 2. HP: 35/35 MP: 2/2
   927 | D:2      | Reached XP level 3. HP: 18/40 MP: 3/3
  1314 | D:2      | Found an iron altar of Okawaru.
  1466 | D:2      | Found a sparkling altar of Nemelex Xobeh.
  2157 | D:2      | Reached XP level 4. HP: 39/48 MP: 4/4
  2440 | D:3      | Found a shimmering altar of Xom.
  2772 | D:3      | Reached XP level 5. HP: 24/53 MP: 5/5
  3049 | D:3      | Noticed Grinder
  3056 | D:3      | Paralysed by Grinder for 4 turns
  3064 | D:3      | Paralysed by Grinder for 6 turns
  3080 | D:3      | Paralysed by Grinder for 7 turns
  3096 | D:3      | Paralysed by Grinder for 4 turns
  3101 | D:3      | Killed Grinder
  3101 | D:3      | Reached XP level 6. HP: 46/62 MP: 6/6
  3317 | D:4      | Reached * piety under Ashenzari
  3436 | D:4      | Reached skill level 5 in Axes
  3436 | D:4      | Your scales start taking on a weird mottled colour.
  3436 | D:4      | Reached XP level 7. HP: 48/69 MP: 7/7
  3571 | D:4      | Noticed gorblad's ghost (novice NaVM)
  3592 | D:4      | Killed gorblad's ghost
  3742 | D:4      | Found Weczukuw's Gadget Boutique.
  3860 | D:5      | Entered Level 5 of the Dungeon
  3860 | D:5      | Noticed Blork the orc
  3870 | D:5      | Killed Blork the orc
  3870 | D:5      | Reached XP level 8. HP: 73/78 MP: 8/8
  4030 | D:5      | Found a glowing drain.
  4035 | Sewer    | Entered a sewer
  4465 | D:5      | Noticed Eustachio
  4518 | D:5      | Killed Eustachio
  4738 | D:5      | Found a staircase to the Ecumenical Temple.
  4969 | D:6      | Reached skill level 5 in Dodging
  5057 | D:6      | Reached ** piety under Ashenzari
  5101 | D:6      | Reached skill level 10 in Fighting
  5180 | D:6      | Found a stormy altar of Qazlal.
  5359 | D:6      | Reached XP level 9. HP: 80/85 MP: 9/9
  5544 | D:6      | Noticed Menkaure
  5548 | D:6      | Killed Menkaure
  5889 | D:7      | Got the uncursed buckler "Ihasefi" {rF- rC+++ rN+++ MP+9}
  5895 | D:7      | Identified the +0 buckler "Ihasefi" {rF- rC+++ rN+++ MP+9} (You found it on level 7 of the Dungeon)
  6090 | D:7      | Found an oddly glowing altar of Pakellas.
  6154 | D:7      | Noticed slayr's ghost (novice CeHu)
  6302 | D:7      | Gained mutation: You have supernaturally acute eyesight. [potion of mutation]
  6302 | D:7      | Gained mutation: You are agile. (Dex +2) [potion of mutation]
  6302 | D:7      | Gained mutation: You tend to lose your temper in combat. [potion of mutation]
  6303 | D:7      | Gained mutation: You are frail (-10% HP). [potion of mutation]
  6303 | D:7      | Gained mutation: Your flesh is heat resistant. [potion of mutation]
  6427 | D:7      | Killed slayr's ghost
  6604 | D:7      | Noticed Crazy Yiuf
  6610 | D:7      | Killed Crazy Yiuf
  6783 | D:8      | Found a snail-covered altar of Cheibriados.
  6786 | D:8      | Noticed Prince Ribbit
  6795 | D:8      | Killed Prince Ribbit
  6795 | D:8      | Reached skill level 1 in Shields
  6834 | D:8      | Found a flagged portal.
  6844 | Bailey   | Entered a bailey
  6921 | Bailey   | Reached *** piety under Ashenzari
  7209 | Bailey   | Reached skill level 10 in Axes
  7209 | Bailey   | Reached XP level 10. HP: 80/84 MP: 10/10
  7213 | Bailey   | Noticed an orc knight
  7233 | Bailey   | Killed an orc knight
  7313 | Bailey   | Got the cursed shield of Weegaxun {rCorr SInv}
  7747 | D:8      | Noticed a three-headed hydra
  7763 | D:8      | Found a basalt altar of Yredelemnul.
  7874 | D:8      | Noticed Psyche
  7883 | D:8      | Killed Psyche
  8017 | D:8      | Found an opulent altar of Gozag.
  8175 | D:8      | HP: 2/86 [warg (15)]
  8509 | D:8      | Slain by a four-headed hydra

Vault maps used:
D:1:      dpeg_arrival_concentric_ovals, ashenzari_altar_1
D:2:      lemuel_crystal_altar, corexii_shack, nemelex_spade_bored_becter
D:3:      xom_teletrap_fun, uniq_grinder
D:4:      serial_shops, nicolae_shop_waterfront
D:5:      minmay_temple_entry_butterflies, first_bread, gup_sewer_entry_spiral,
          uniq_eustachio, uniq_blork_the_orc
D:6:      lemuel_round_altar, uniq_menkaure
D:7:      basic_altar, uniq_crazy_yiuf_cottage
D:8:      lemuel_castle_with_subvaults, marbit_many_paths, lemuel_round_altar,
          slow_altar_1, enter_bailey_8, hangedman_ranch, st_stairs_9,
          kb_lookout_dungeons_type, lemuel_tele_altar, uniq_prince_ribbit1,
          uniq_psyche
Sewer:    sewer_frog_island_01
Bailey:   bailey_polearm_1, bailey

Skill      XL: |  1  2  3  4  5  6  7  8  9 10 |
---------------+-------------------------------+-----
Dodging        | 1 2 3 5 6 7 |  7.2
Axes           | 2 3 4 5 6 8 10 11 | 11.0
Fighting       | 8 9 10 11 | 11.4
Shields        | 1 3 |  3.8
Throwing       | |  1.0
Evocations     | |  1.0

Action                   |  1- 3 |  4- 6 |  7- 9 | 10-12 || total
-------------------------+-------+-------+-------+-------++-------
Melee: Hand axe          |    95 |   146 |   262 |       ||   503
       Unarmed           |       |    11 |       |       ||    11
       War axe           |       |       |   194 |   164 ||   358
Throw: Javelin           |       |       |    17 |     1 ||    18
Invok: Curse Item        |       |     1 |       |       ||     1
       Scrying           |       |       |     1 |     1 ||     2
 Abil: Breathe Sticky Fl |       |       |     7 |     7 ||    14
Evoke: Wand              |       |     1 |     9 |     7 ||    17
  Use: Potion            |       |     2 |     4 |     1 ||     7
       Scroll            |       |       |     9 |     2 ||    11
 Stab: Sleeping          |     1 |       |     1 |     1 ||     3
       Invisible         |       |       |       |     1 ||     1
  Eat: Chunk             |     3 |     5 |     7 |     2 ||    17
       Meat ration       |       |       |     1 |     2 ||     3
       Fruit             |       |       |     1 |       ||     1
       Beef jerky        |       |       |     1 |       ||     1
